 Dungeon Crawl Stone Soup version 0.27.1-4-g1640c2035a (webtiles) character file.

Game seed: 12671881906785793227

128 pkoi the Magician (level 5, -17/35 HPs)
             Began as a Djinni Fire Elementalist on Nov 9, 2021.
             Demolished by an ice beast (21 damage)
             ... on level 3 of the Dungeon.
             The game lasted 00:05:56 (4638 turns).

pkoi the Magician (Djinni Fire Elementalist)        Turns: 4638, Time: 00:05:57

Health: -17/35     AC:  2    Str:  7    XL:     5   Next: 34%
Gold:   189        EV: 12    Int: 18    God:
                   SH:  0    Dex: 13

rFire    + + .     SeeInvis +   (no weapon)
rCold    x . .     Faith    .   (no shield)
rNeg     . . .     Spirit   .   a - +0 robe
rPois    ∞         Reflect  .   (no helmet)
rElec    .         Harm     .   (no cloak)
rCorr    .         Rampage  .   (no gloves)
Will     .....                  (boots unavailable)
Stlth    ++........             (no amulet)
HPRegen  0.11/turn              c - ring of see invisible
MPRegen  0.00/turn              (no ring)

@: flying
A: sickness immunity, fire resistance 2, cold vulnerability 1, float, innate
caster, hp casting, extra vitality 1
a: no special abilities


You were on level 3 of the Dungeon.
You visited 1 branch of the dungeon, and saw 3 of its levels.

You collected 189 gold pieces.

Inventory:

Missiles
 i - 12 poisoned darts
Armour
 a - a +0 robe (worn)
Jewellery
 c - a ring of see invisible (left hand)
Scrolls
 d - a scroll of identify {unknown}
 e - a scroll of summoning {unknown}
 f - a scroll of blinking {unknown}
 g - 2 scrolls of teleportation {unknown}
 j - a scroll of vulnerability {unknown}
 k - a scroll of noise {unknown}
 l - a scroll of fog {unknown}
 m - a scroll of immolation {unknown}
 p - a scroll of enchant weapon {unknown}
 r - a scroll of holy word {unknown}
Potions
 b - a potion of curing {unknown}
 h - a potion of mutation {unknown}
 n - a potion of berserk rage {unknown}
 o - a potion of lignification {unknown}
 q - a potion of flight {unknown}


   Skills:
 - Level 2.1 Dodging
 - Level 1.5 Stealth
 + Level 4.4 Spellcasting


You couldn't memorise any spells.
You knew the following spells:

 Your Spells              Type           Power      Damage    Failure   Level
a - Foxfire               Conj/Fire      76%        2x1d7     2%          1
b - Conjure Flame         Conj/Fire      19%        6-21      7%          3
c - Inner Flame           Hex/Fire       19%        N/A       7%          3
d - Sticky Flame          Conj/Fire      19%        2d4       22%         4
e - Fireball              Conj/Fire      9%         3d6       54%         5
f - Summon Small Mammal   Summ           76%        N/A       2%          1
g - Poisonous Vapours     Pois/Air       38%        N/A       3%          2
Your spell library was empty.

Dungeon Overview and Level Annotations

Branches:
Dungeon (3/15)

Altars:
Qazlal
Ru


Innate Abilities, Weirdness & Mutations

You are immune to sickness and miasma.
You are immune to poison.
Your flesh is very heat resistant. (rF++)
You are vulnerable to cold. (rC-)
You float through the air rather than walking.
You learn spells naturally, not from books.
Your magical power is your life essence.
You have superior vitality. (+4 HP)


Message History

You conjure some foxfire!
You conjure some foxfire!
The teleport trap disappears.
Your foxfire disappears!
The foxfire hits the ice beast.
The ice beast melts!
The ice beast is lightly wounded.
You conjure some foxfire!
There is not enough space to conjure foxfire!
Your foxfire dissipates!
The foxfire hits the ice beast.
The ice beast melts!
The ice beast is moderately wounded.
The foxfire hits the ice beast!
The ice beast melts!
The ice beast is heavily wounded.
Your magical contamination has completely faded away.
You conjure some foxfire!
The ice beast barely misses you.
You conjure some foxfire!
The foxfire hits the ice beast.
The ice beast melts!
The ice beast is heavily wounded.
The foxfire hits the ice beast but does no damage.
The ice beast is heavily wounded.
The ice beast barely misses you.
You conjure some foxfire!
The foxfire hits the ice beast but does no damage.
The ice beast is heavily wounded.
The ice beast hits you. The ice beast freezes you!!
You feel a terrible chill!
Ouch! That really hurt!
* * * LOW HITPOINT WARNING * * *
You are too injured to fight recklessly!
You are too injured to fight recklessly!
You are too injured to fight recklessly!
Unknown command.
Your foxfire dissipates!
The foxfire hits the ice beast but does no damage.
The ice beast is heavily wounded.
The foxfire hits the ice beast but does no damage.
The ice beast is heavily wounded.
Unknown command.
The ice beast hits you.
* * * LOW HITPOINT WARNING * * *
The ice beast freezes you!!
You feel a terrible chill!
Ouch! That really hurt!
You die...

#......##.# #.######.
#......##.# #.######.
#......##.# #.##.....
#......##.# #.##.####
#......##.# #g##.#
#########'## #.##.#
#.....# #.##.#
#.....#########.##.#
#.....@Y...........#
#.....#####w###.#####
####### #..##......
##.........
#w.####### ##.# ....
#.# ..... #.#w.....
#....._..


You could see an ice beast and a worm.

Vanquished Creatures
  Ijyb (D:3)
  3 adders
  A worm (D:2)
  3 dart slugs
  2 orcs
  7 ball pythons
  9 endoplasms
  2 giant cockroaches (D:1)
  7 hobgoblins
  3 jackals (D:3)
  4 kobolds
  9 bats
  2 frilled lizards (D:1)
  7 rats
60 creatures vanquished.

Vanquished Creatures (collateral kills)
  A worm (D:2)
  2 ball pythons (D:2)
  A giant cockroach (D:2)
  A goblin (D:1)
5 creatures vanquished.

Vanquished Creatures (others)
  215 foxfires
215 creatures vanquished.

Grand Total: 280 creatures vanquished

Notes
Turn   | Place    | Note
-------+----------+-------------------------------------------
     0 | D:1      | pkoi the Djinni Fire Elementalist began the quest for the
                  | Orb.
     0 | D:1      | Reached XP level 1. HP: 15/15 MP: 0/0
    16 | D:1      | Found a faded altar of an unknown god.
   350 | D:1      | Reached XP level 2. HP: 17/21 MP: 0/0
   699 | D:1      | Reached skill level 3 in Spellcasting
  1165 | D:1      | Reached XP level 3. HP: 23/25 MP: 0/0
  1165 | D:1      | Learned a level 1 spell: Summon Small Mammal
  2929 | D:2      | Reached XP level 4. HP: 27/31 MP: 0/0
  3419 | D:3      | Found a stormy altar of Qazlal.
  3686 | D:3      | Noticed Ijyb
  3752 | D:3      | Reached skill level 4 in Spellcasting
  4273 | D:3      | Killed Ijyb
  4274 | D:3      | Reached XP level 5. HP: 23/35 MP: 0/0
  4274 | D:3      | Learned a level 2 spell: Poisonous Vapours
  4618 | D:3      | Found a sacrificial altar of Ru.
  4618 | D:3      | Noticed an ice beast
  4638 | D:3      | Demolished by an ice beast

Illustrated notes

Levels and vault maps discovered:
D:1:      evilmike_arrival_plus, layout_loops_corners, basic_ecumenical_altar,
          minmay_octomino_j4
D:2:      layout_basic, amcnicky_mini_corridor_feature
D:3:      layout_basic, amcnicky_altar_gilded, lemuel_tele_altar,
          kennysheep_generic_room_4, uniq_ijyb

Skill      XL: |  1  2  3  4 |
---------------+-------------+-----
Spellcasting   | 3 4 |  4.4
Dodging        | |  2.1
Stealth        | |  1.5

Action                   |  1- 3 |  4- 6 || total
-------------------------+-------+-------++-------
 Cast: Foxfire           |    78 |    84 ||   162
       Summon Small Mamm |    24 |       ||    24
Armor: Robe              |     4 |     5 ||     9
Dodge: Dodged            |    28 |    27 ||    55
